 Dungeon Crawl Stone Soup version 0.29.0-4-gdea44cf6ec (webtiles) character file.

Game seed: 9970401707885915392

53 qw the Chopper (level 3, -1/21 HPs)
             Began as a Tengu Warper on Aug 28, 2022.
             Slain by a shadow imp (3 damage)
             ... summoned by Natasha
             ... on level 2 of the Dungeon.
             The game lasted 00:00:12 (2576 turns).

qw the Chopper (Tengu Warper)                       Turns: 2576, Time: 00:00:12

Health: -1/21      AC:  3    Str: 13    XL:     3   Next: 89%
Magic:  7/7        EV: 12    Int: 13    God:
Gold:   113        SH:  0    Dex: 13    Spells: 6/6 levels left

rFire   . . .      SeeInvis .   Y - +0 hand axe
rCold   . . .      Faith    .   (no shield)
rNeg    . . .      Spirit   .   b - +0 leather armour
rPois   .          Reflect  .   (helmet restricted)
rElec   .          Harm     .   (no cloak)
rCorr   .          Rampage  .   (no gloves)
Will    .....                   (boots unavailable)
Stlth   +.........              (no amulet)
HPRegen 0.07/turn               (no ring)
MPRegen 0.10/turn               (no ring)

@: slowed, very slow
A: beak, talons 3
a: no special abilities


You were on level 2 of the Dungeon.
You visited 1 branch of the dungeon, and saw 2 of its levels.

You collected 113 gold pieces.


Innate Abilities, Weirdness & Mutations

You have a beak for a mouth.
You have claws for feet.


   Skills:
 - Level 2.0 Fighting
 + Level 4.5 Axes
 - Level 1.0 Throwing
 - Level 1.1 Armour
 - Level 2.1 Dodging
 - Level 2.0 Spellcasting
 - Level 2.4 Translocations


You had 6 spell levels left.
You didn't know any spells.
Your spell library contained the following spells:

 Spells                   Type           Power      Damage    Failure   Level
 Blink                    Tloc           14%        N/A       19%         2
 Gell's Gravitas          Tloc           7%         N/A       36%         3
 Lesser Beckoning         Tloc           7%         N/A       36%         3
 Teleport Other           Tloc           7%         N/A       36%         3
 Manifold Assault         Tloc           7%         N/A       98%         5

Inventory:

Hand Weapons
 f - a +0 club
 Y - a +0 hand axe (weapon)
Armour
 a - a +0 ring mail
 b - a +0 leather armour (worn)
Jewellery
 d - a +6 ring of strength
Scrolls
 c - a scroll of magic mapping {unknown}
Potions
 e - a potion of heal wounds
 h - a potion of attraction {unknown}

Dungeon Overview and Level Annotations

Branches:
Dungeon (2/15)

Altars:

Annotations:
D:2 Natasha


Message History

You hit the goblin. Your kick misses the goblin.
The goblin is heavily wounded.
The goblin hits you with a +0 dagger.
You closely miss the goblin. You peck the goblin.
You kill the goblin!
You start resting.
Natasha is nearby!
2560 ||| Stepping ~*~*~tactically~*~*~ (stealth).
2561 ||| Stepping ~*~*~tactically~*~*~ (stealth).
You start resting.
HP restored.
You now have 113 gold pieces (gained 6).
Items here: %%% ).
Natasha is nearby!
Natasha hisses angrily.
Natasha casts a spell at you.
You feel yourself slow down.
You barely miss Natasha. Natasha barely misses you.
You hit Natasha. You claw Natasha.
Natasha is heavily wounded.
Natasha casts a spell. x2
You barely miss Natasha.
Natasha is heavily wounded.
Natasha barely misses you. Natasha claws you.
You closely miss Natasha.
Natasha is heavily wounded.
You barely miss the shadow imp. The shadow imp gestures at you.
Pain shoots through your body!
Ouch! That really hurt!
Natasha closely misses you.
You hit Natasha. Your kick misses Natasha. Your peck misses Natasha.
Natasha is severely wounded.
You hit the crimson imp. Natasha claws you.
The crimson imp blinks!
Natasha casts a spell at you.
You feel as though you will be slow longer.
The crimson imp blinks!
The shadow imp hits you.
You die...

..............>......#..
......######.#########.#
#####.# #.....# #.# #.#
#####.#####.# #.#
#....).....# #.#
#.###.###### #.#
###+###ยค# #.# #....5..#
#.# #......@# #..
#.....5h# #.......#
#.......# #.......#
#........ #######.# #.#


You could see Natasha, a crimson imp (summoned) and a shadow imp (summoned).

Vanquished Creatures
  A dart slug (D:1)
  5 ball pythons
  4 endoplasms
  7 goblins
  5 hobgoblins
  2 jackals (D:2)
  5 kobolds
  4 quokkas
  5 bats
  3 frilled lizards
  2 rats (D:1)
43 creatures vanquished.

Notes
Turn   | Place    | Note
-------+----------+-------------------------------------------
     0 | D:1      | qw the Tengu Warper began the quest for the Orb.
     0 | D:1      | Reached XP level 1. HP: 12/12 MP: 4/4
     0 | D:1      | 0 ||| qw: Version: 0.1-a-89-g26bdef1
     0 | D:1      | 0 ||| qw: Game counter: 1154
     0 | D:1      | 0 ||| qw: Always use a shield: true
     0 | D:1      | 0 ||| qw: God list: Okawaru
     0 | D:1      | 0 ||| qw: Allow faded altars: false
     0 | D:1      | 0 ||| qw: Do Orc after D:15 true
     0 | D:1      | 0 ||| qw: Do second Lair branch before Depths: true
     0 | D:1      | 0 ||| qw: Lair rune preference: random
     0 | D:1      | 0 ||| qw: Plans: Normal
     0 | D:1      | 0 ||| PLANNING D:1-11
    29 | D:1      | 29 ||| Stepping ~*~*~tactically~*~*~ (stealth).
   114 | D:1      | Reached XP level 2. HP: 17/17 MP: 6/6
   115 | D:1      | Found a faded altar of an unknown god.
   130 | D:1      | Reached skill level 3 in Axes
   407 | D:1      | 407 ||| Stepping ~*~*~tactically~*~*~ (stealth).
   408 | D:1      | 408 ||| Stepping ~*~*~tactically~*~*~ (stealth).
   685 | D:1      | Reached XP level 3. HP: 11/21 MP: 7/7
  1014 | D:1      | 1014 ||| Stepping ~*~*~tactically~*~*~ (hiding).
  1116 | D:1      | 1116 ||| Stepping ~*~*~tactically~*~*~ (hiding).
  1218 | D:1      | 1218 ||| Stepping ~*~*~tactically~*~*~ (hiding).
  1230 | D:1      | Reached skill level 4 in Axes
  1481 | D:1      | 1481 ||| READING scroll labelled HUAHIAFRYIPN.
  1599 | D:1      | 1599 ||| READING scroll labelled QIAWIN SAFFYAP.
  1600 | D:1      | 1600 ||| DRINKING 2 bubbling yellow potions.
  1601 | D:1      | 1601 ||| DROPPING scroll of blinking.
  1769 | D:2      | 1769 ||| Stepping ~*~*~tactically~*~*~ (stealth).
  1945 | D:2      | 1945 ||| Stepping ~*~*~tactically~*~*~ (stealth).
  1947 | D:2      | 1947 ||| Stepping ~*~*~tactically~*~*~ (stealth).
  1970 | D:2      | 1970 ||| Stepping ~*~*~tactically~*~*~ (stealth).
  2526 | D:2      | Noticed Natasha
  2527 | D:2      | 2527 ||| Stepping ~*~*~tactically~*~*~ (stealth).
  2560 | D:2      | 2560 ||| Stepping ~*~*~tactically~*~*~ (stealth).
  2561 | D:2      | 2561 ||| Stepping ~*~*~tactically~*~*~ (stealth).
  2576 | D:2      | HP: 2/21 [Natasha (4)]
  2576 | D:2      | Slain by a shadow imp

Levels and vault maps discovered:
D:1:      tarquinn_simple_flora_water_d, layout_basic,
          chequers_ecumenical_altar_simple
D:2:      layout_basic, amethyst_killhole, uniq_natasha

Skill      XL: |  1  2  3 |
---------------+----------+-----
Axes           | 3 4 |  4.5
Fighting       | |  2.0
Throwing       | |  1.0
Armour         | |  1.1
Dodging        | |  2.1
Spellcasting   | |  2.0
Translocations | |  2.4

Action                   || total
-------------------------++-------
Melee: Hand axe          ||   119
       Kick              ||    28
       Peck              ||    11
Throw: Boomerang         ||     7
  Use: Scroll            ||     2
       Potion            ||     1
Armor: Leather armour    ||    30
Dodge: Dodged            ||    58

Table legend:
 A = Non-vault XP
 B = Vault XP
 C = Vault XP percentage of total XP
 D = Non-vault monster count
 E = Vault monster count
 F = Vault count percentage of total count
                 A         B        C        D         E       F
            +---------+---------+-------+---------+---------+-------
      Total |      77 |       0 |   0.0 |      43 |       0 |   0.0
            +---------+---------+-------+---------+---------+-------
        D:1 |      45 |       0 |   0.0 |      26 |       0 |   0.0
        D:2 |      32 |       0 |   0.0 |      17 |       0 |   0.0
            +---------+---------+-------+---------+---------+-------
